 Dungeon Crawl Stone Soup version 0.28-a0-1087-gf3fc490d9d (webtiles) character file.

Game seed: 3499207202795456093

198 siradein the Digger (level 5, 0/38 HPs)
             Began as a Draconian Earth Elementalist on Dec 10, 2021.
             Slain by a hobgoblin (1 damage)
             ... on level 4 of the Dungeon.
             The game lasted 00:05:07 (4449 turns).

siradein the Digger (Draconian Earth Elementalist)  Turns: 4449, Time: 00:05:07

Health: 0/38       AC:  8    Str: 10    XL:     5   Next: 47%
Magic:  9/9        EV: 13    Int: 18    God:
Gold:   161        SH:  0    Dex: 17    Spells: 4/10 levels left

rFire   . . .      SeeInvis .   d - +0 dagger
rCold   . . .      Faith    .   (no shield)
rNeg    . . .      Spirit   .   (armour unavailable)
rPois   .          Reflect  .   (helmet restricted)
rElec   .          Harm     .   t - +1 cloak
rCorr   .          Rampage  .   (no gloves)
Will    .....                   n - +0 pair of boots
Stlth   ++........              (no amulet)
HPRegen 0.12/turn               i - +6 ring of dexterity
MPRegen 0.11/turn               (no ring)

@: no status effects
A: AC +5, unfitting armour, cold-blooded
a: no special abilities


You were on level 4 of the Dungeon.
You visited 1 branch of the dungeon, and saw 4 of its levels.

You collected 161 gold pieces.

Inventory:

Hand Weapons
 d - a +0 dagger (weapon)
Missiles
 b - 108 stones
Armour
 n - a +0 pair of boots (worn)
 t - a +1 cloak (worn)
Jewellery
 i - a +6 ring of dexterity (left hand)
Wands
 s - a wand of iceblast (8)
Scrolls
 c - 2 scrolls of teleportation {unknown}
 f - a scroll of torment {unknown}
 g - a scroll of vulnerability {unknown}
 j - a scroll of enchant weapon {unknown}
 k - 2 scrolls of amnesia {unknown}
 l - 2 scrolls of identify {unknown}
 m - 2 scrolls of fear {unknown}
 o - a scroll of acquirement {unknown}
 r - a scroll of noise {unknown}
Potions
 a - a potion of might {unknown}
 e - 4 potions of curing {unknown}
 h - a potion of degeneration {unknown}
 p - a potion of experience {unknown}
 q - a potion of mutation {unknown}


   Skills:
 + Level 2.9 Dodging
 - Level 1.7 Stealth
 + Level 3.1 Spellcasting
 + Level 2.8 Transmutations
 + Level 4.0 Earth Magic


You had 4 spell levels left.
You knew the following spells:

 Your Spells              Type           Power      Damage    Failure   Level
a - Sandblast             Erth           34%        2d9       3%          1
b - Passwall              Tmut/Erth      12%        N/A       6%          2
c - Stone Arrow           Conj/Erth      20%        3d8       22%         3

Your spell library contained the following spells:

 Spells                   Type           Power      Damage    Failure   Level
 Petrify                  Tmut/Erth      15%        N/A       36%         4
 Call Canine Familiar     Summ           2%         N/A       43%         3
 Portal Projectile        Hex/Tloc       4%         N/A       43%         3
 Leda's Liquefaction      Hex/Erth       5%         N/A       56%         4


Dungeon Overview and Level Annotations

Branches:
Dungeon (4/15)
 Temple: D:4-7

Altars:

Shops:
D:4 [


Innate Abilities, Weirdness & Mutations

Your plain brown scales are hard. (AC +5)
You cannot fit into any form of body armour.
You are cold-blooded and may be slowed by cold attacks.


Message History

An orc wizard comes into view.
It is wielding a +0 dagger. 2 orcs and an orc wizard come into view.
The orc shouts!
An orc comes into view. It is wielding a +0 hand axe.
You hear the slow rusting of a very distant drain.
The orc wizard shouts!
The hobgoblin hits you.
The orc wizard shouts!
The orc priest looks braver for a moment.
A bat comes into view.
A bat comes into view.
A bat comes into view.
The bat closely misses you. The hobgoblin barely misses you.
The bat closely misses you.
Found a sharpened glass wand and a robe.
The orc priest mumbles some strange prayers to Beogh against you.
Beogh smites you!
* * * LOW HITPOINT WARNING * * *
The bat barely misses you. The bat hits you but does no damage.
The orc priest mumbles some strange prayers to Beogh against you.
Beogh smites you!
* * * LOW HITPOINT WARNING * * *
The orc priest looks braver for a moment.
You see here a wand of charming (5).
You see here a +0 robe.
A goblin comes into view. It is wielding a +0 club.
The hobgoblin hits you but does no damage.
The goblin shouts!
You barely miss the goblin. The bat hits you but does no damage.
The goblin misses you.
You closely miss the goblin. You tail-slap the goblin.
The goblin is moderately wounded.
The goblin hits you with a +0 club.
* * * LOW HITPOINT WARNING * * *
The hobgoblin hits you but does no damage.
You closely miss the goblin.
The goblin is moderately wounded.
The goblin closely misses you. The hobgoblin hits you.
You die...

##...........
...........#.
###............
.............#
#...........
###.......... #..g##...#
.#.@gb[# #..###o#
#o##...# # #o##o###
##.#..... #....#
####..#.... # #..###
##.##.##....
#.###o.#####.........##.
#.........##............
#.##..##................


You could see an orc priest, an orc wizard, an orc, a hobgoblin, a goblin and a
bat.

Vanquished Creatures
  2 hounds
  Ijyb (D:3)
  A howler monkey zombie (D:4)
  3 adders
  A worm (D:3)
  3 dart slugs
  2 orcs (D:3)
  A ball python (D:1)
  2 endoplasms (D:2)
  5 giant cockroaches
  8 goblins
  5 hobgoblins
  11 jackals
  3 quokkas
  3 bats
  6 frilled lizards
  3 kobolds
  3 rats
63 creatures vanquished.

Notes
Turn   | Place    | Note
-------+----------+-------------------------------------------
     0 | D:1      | siradein the Draconian Earth Elementalist began the quest
                  | for the Orb.
     0 | D:1      | Reached XP level 1. HP: 14/14 MP: 3/3
   317 | D:1      | Reached XP level 2. HP: 12/20 MP: 3/5
  1451 | D:2      | Reached XP level 3. HP: 26/26 MP: 6/6
  1606 | D:2      | Learned a level 2 spell: Passwall
  1610 | D:2      | Learned a level 3 spell: Stone Arrow
  2445 | D:3      | Found a faded altar of an unknown god.
  2825 | D:3      | Noticed Ijyb
  2957 | D:3      | Reached XP level 4. HP: 21/33 MP: 7/7
  3065 | D:3      | Found a faded altar of an unknown god.
  3808 | D:3      | Killed Ijyb
  3809 | D:3      | Reached XP level 5. HP: 5/38 MP: 2/9
  4321 | D:4      | Found Wige's Armour Boutique.
  4389 | D:4      | Reached skill level 4 in Earth Magic
  4448 | D:4      | HP: 1/38 [goblin (3)]
  4449 | D:4      | Slain by a hobgoblin

Illustrated notes

Levels and vault maps discovered:
D:1:      zelgadis_glass_arrival_small, layout_loops_ring
D:2:      layout_loops_cross
D:3:      layout_basic, nicolae_overflow_ecumenical_swirl,
          dreamdust_ecumenical_altar_grove, serial_bayou_pond_b,
          corexii_hall_statues_t, uniq_ijyb
D:4:      layout_rooms, minmay_temple_entry_mist, gup_sewer_entry_pipe,
          hangedman_feature_mirror, nicolae_stop_n_shop_1, roderic_batcave

Skill      XL: |  1  2  3  4  5 |
---------------+----------------+-----
Dodging        | 2 |  2.9
Transmutations | 2 |  2.8
Spellcasting   | 3 |  3.1
Earth Magic    | 4 |  4.0
Stealth        | |  1.7

Action                   |  1- 3 |  4- 6 || total
-------------------------+-------+-------++-------
Melee: Unarmed           |    50 |       ||    50
       Tailslap          |    19 |    19 ||    38
       Dagger            |   183 |   136 ||   319
 Cast: Sandblast         |     5 |    14 ||    19
 Stab: Sleeping          |     5 |     1 ||     6
Armor: Skin              |    60 |    59 ||   119
Dodge: Dodged            |   124 |   108 ||   232

Table legend: (Time is in decaauts)
 A = Elapsed time spent in this place.
 B = Non-inter-level travel time spent in this place.
 C = Inter-level travel time spent in this place.
 D = Time resting spent in this place.
 E = Time spent auto-exploring this place.
 F = Levels seen in this place.
 G = Mean time per level.
                   A        B        C        D        E       F      G
               +--------+--------+--------+--------+--------+-----+--------+
         Total |   4453 |   4299 |    154 |    103 |   3342 |   4 | 1113.2 |
       Dungeon |   4453 |   4299 |    154 |    103 |   3342 |   4 | 1113.2 |
               +--------+--------+--------+--------+--------+-----+--------+

Top non-repeatable levels by time:
     D:3: 1880 daAuts
     D:1: 1424 daAuts
     D:2: 1022 daAuts
     D:4: 127 daAuts
